 Dungeon Crawl Stone Soup version 0.32-a0-306-gfed3edf829 (webtiles) character file.

Game seed: 17582402795496691549

101 jasper the Chopper (level 4, -3/57 HPs)
             Began as a Mountain Dwarf Monk on Feb 14, 2024.
             Engulfed by a cloud of flame (23 damage)
             ... on level 2 of the Dungeon.
             The game lasted 00:05:23 (2230 turns).

jasper the Chopper (Mountain Dwarf Monk)            Turns: 2230, Time: 00:05:23

Health: -3/57      AC: 22    Str: 16    XL:     4   Next: 48%
Magic:  4/4        EV:  2    Int: 10    God:
Gold:   47         SH:  0    Dex: 12    Spells: 3/3 levels left

rFire   . . .        a - +0 hand axe (venom)
rCold   . . .        (no shield)
rNeg    . . .        q - melded +0 chain mail
rPois   +            (helmet currently unavailable)
rElec   .            (cloak currently unavailable)
rCorr   .            (gloves currently unavailable)
SInv    .            (boots currently unavailable)
Will    .....        h - amulet of the acrobat
Stlth   +            (no ring)
HPRegen 0.29/turn    (no ring)
MPRegen 0.09/turn

%: acrobat
@: tree-form, acrobatic
A: stationary, stasis, torment immunity, boosted hp, runic magic, artefact
enchanting
a: no special abilities


You were on level 2 of the Dungeon.
You were a tree.
You visited 1 branch of the dungeon, and saw 2 of its levels.

You collected 47 gold pieces.

Inventory:

Hand Weapons
 a - a +0 hand axe of venom (weapon)
 i - a +0 hand axe
 o - a +0 sling
Missiles
 e - 10 stones (quivered)
 k - 4 datura-tipped darts
Armour
 b - a +0 robe
 d - an orb of light
 n - a +0 ring mail
 q - a +0 chain mail (melded)
Jewellery
 f - an amulet of guardian spirit
 h - an amulet of the acrobat (around neck)
Scrolls
 g - a scroll of identify
Potions
 c - a potion of ambrosia
 l - a potion of invisibility {unknown}
 m - a potion of magic


   Skills:
 - Level 3.2 Fighting
 + Level 6.4 Axes
 - Level 2.1 Dodging


You had 3 spell levels left.
You didn't know any spells.
Your spell library was empty.

Dungeon Overview and Level Annotations

Branches:
Dungeon (2/15)

Altars:
Zin


Innate Abilities, Weirdness & Mutations

You are a tree.
Your roots penetrate the ground, keeping you stationary.
You cannot be teleported.
You are immune to unholy pain and torment.
Your maximum health is greatly increased.
Your equipment is partially melded.
Your spellcasting is much less encumbered by armour.
You can use scrolls of enchantment on lesser artefacts.


Message History

The gnoll attacks as it pursues you! The gnoll closely misses you.
The gnoll attacks as it pursues you! The gnoll closely misses you.
The gnoll hits you with a +0 club. The gnoll misses you.
You take 2 damage, and have 30/38 hp.
You hit the gnoll.
The gnoll looks as sick as possible!
The gnoll is almost dead.
You kill the gnoll!
The gnoll hits you from afar with a +0 spear.
You take 2 damage, and have 28/38 hp.
The gnoll attacks as it pursues you! The gnoll closely misses you.
The gnoll attacks as it pursues you! The gnoll misses you.
Throw: 5 darts (datura)
Press: ? - help, Shift-Dir - straight line, f - gnoll
Aim: a gnoll, wielding a +0 spear (58% to hit, chance to frenzy on hit: 100%)
You throw a datura-tipped dart.
The datura-tipped dart closely misses the gnoll.
The datura-tipped dart hits the gnoll.
The gnoll flies into a frenzy!
The gnoll hits the gnoll with a +0 whip!
The gnoll attacks as it pursues you! The gnoll barely misses you.
The gnoll hits the gnoll with a +0 whip!
The gnoll dies!
Okay, then.
As you read the scroll labelled GYIGIN INAL, it crumbles to dust.
The creatures around you are filled with an inner flame!
It was a scroll of immolation.
The gnoll closely misses you.
Okay, then.
It was a potion of lignification.
You turn into a tree.
Your +0 chain mail melds into your body.
Your roots penetrate the ground.
The gnoll hits you but does no damage.
You now have 45/57 hp.
You barely miss the gnoll. The gnoll hits you with a +0 whip.
The gnoll barely misses you.
You hit the gnoll.
Flame seeps out of the gnoll.
The gnoll is heavily wounded.
The gnoll is engulfed in blazing flames.
The gnoll explodes!
The fiery explosion engulfs you!!
You take 25 damage, and have 20/57 hp.
MASSIVE DAMAGE!!
You are engulfed in blazing flames.
You die...

.........................'.......
#######.####.....##......########
........# #.._..##......#
######### #.....######### ..##
#.....# #..#### ###..###### #
##....# ##......############
####.#########§.....#...........
#..().)...§○♣....#.#########.
#.#############........# #...
#........#######.#.###.# #.##
#........##...##.#.###.###.#
#........##......#.#.......#
#.######.........#.####....##
#####.# ####......#.........†.
.g.)..# #.............#.######
####### #............^........


There were no monsters in sight!

Vanquished Creatures
  2 gnolls (D:2)
  8 endoplasms
  2 giant cockroaches
  7 goblins
  A hobgoblin (D:2)
  2 kobolds (D:1)
  4 quokkas
  2 ball pythons (D:1)
  7 bats
  A frilled lizard (D:1)
  4 rats
40 creatures vanquished.

Vanquished Creatures (collateral kills)
  A gnoll (D:2)
1 creature vanquished.

Grand Total: 41 creatures vanquished

Notes
Turn   | Place    | Note
-------+----------+-------------------------------------------
     0 | D:1      | jasper the Mountain Dwarf Monk began the quest for the Orb.
     0 | D:1      | Reached XP level 1. HP: 19/19 MP: 1/1
    53 | D:1      | Reached skill level 4 in Axes
    92 | D:1      | Reached XP level 2. HP: 9/26 MP: 2/2
   421 | D:1      | Reached skill level 5 in Axes
   575 | D:1      | Reached XP level 3. HP: 28/31 MP: 3/3
  1561 | D:2      | Found a glowing silver altar of Zin.
  2172 | D:2      | Reached skill level 6 in Axes
  2172 | D:2      | Reached XP level 4. HP: 38/38 MP: 4/4
  2230 | D:2      | Engulfed by a cloud of flame

Illustrated notes

Levels and vault maps discovered:
D:1:      wander_arrival_lonely_grave, layout_loops_ring, serial_aquarium,
          aquarium_bridge_square [aquarium_subvault_wall,
          aquarium_subvault_bridge, aquarium_subvault_window,
          aquarium_subvault_bridge], aquarium_window_corner,
          aquarium_window_corridor_2, aquarium_window_corner,
          aquarium_window_fake, aquarium_view_2e, aquarium_view_2e,
          aquarium_balcony_1a, aquarium_pool_S
D:2:      layout_basic, basic_altar

Skill      XL: |  1  2  3 |
---------------+----------+-----
Axes           | 4 5 6 |  6.4
Fighting       | |  3.2
Dodging        | |  2.1

Action                     |  1- 3 |  4- 6 || total
---------------------------+-------+-------++-------
  Melee: Hand axe          |   111 |     6 ||   117
  Throw: Stone             |    13 |     3 ||    16
         Dart              |       |     1 ||     1
    Use: Scroll            |     6 |     1 ||     7
         Potion            |       |     1 ||     1
   Stab: Sleeping          |     1 |       ||     1
 Armour: Robe              |    58 |       ||    58
         Ring mail         |     1 |       ||     1
         Chain mail        |       |     6 ||     6
         Skin              |       |     4 ||     4
  Dodge: Dodged            |    81 |    12 ||    93

Table legend: (Time is in decaauts)
 A = Elapsed time spent in this place.
 B = Non-inter-level travel time spent in this place.
 C = Inter-level travel time spent in this place.
 D = Time resting spent in this place.
 E = Time spent auto-exploring this place.
 F = Levels seen in this place.
 G = Mean time per level.
                   A        B        C        D        E       F      G
               +--------+--------+--------+--------+--------+-----+--------+
         Total |   2240 |   2152 |     88 |    467 |    798 |   2 | 1120.0 |
       Dungeon |   2240 |   2152 |     88 |    467 |    798 |   2 | 1120.0 |
               +--------+--------+--------+--------+--------+-----+--------+

Top non-repeatable levels by time:
     D:1: 1401 daAuts
     D:2: 839 daAuts
